 Dungeon Crawl Stone Soup version 0.30-a0-908-g5a111fc481 (webtiles) character file.

Game seed: 9341963276509821454

649 shadizar the Digger (level 7, -11/41 HPs)
             Began as a Gargoyle Earth Elementalist on Mar 19, 2023.
             Mangled by a wyvern (13 damage)
             ... on level 4 of the Dungeon.
             The game lasted 00:13:04 (4426 turns).

shadizar the Digger (Gargoyle Earth Elementalist)   Turns: 4426, Time: 00:13:05

Health: -11/41     AC:  8    Str: 12    XL:     7   Next: 53%
Magic:  8/12       EV: 12    Int: 17    God:
Gold:   170        SH:  0    Dex: 10    Spells: 8/12 levels left

rFire   . . .      SeeInvis .    c - +4 dagger (speed)
rCold   . . .      Faith    .    (no shield)
rNeg    + . .      Spirit   .    a - +0 robe
rPois   ∞          Reflect  .    r - +0 helmet
rElec   +          Rampage  .    (no cloak)
rCorr   .                        (no gloves)
Will    .....                    i - +0 pair of boots
Stlth   ++                       (no amulet)
HPRegen 0.26/turn                (no ring)
MPRegen 0.13/turn                (no ring)

@: no status effects
A: sickness immunity, AC +4, negative energy resistance 1, electricity
resistance, torment resistance 1, petrification resistance
a: no special abilities


You were on level 4 of the Dungeon.
You visited 1 branch of the dungeon, and saw 4 of its levels.
You also visited: Sewer.

You collected 170 gold pieces.

Inventory:

Hand Weapons
 c - a +4 dagger of speed (weapon)
 f - a +0 sling
 s - a +0 dagger of venom
 t - a +4 short sword
Missiles
 e - 28 stones
Armour
 a - a +0 robe (worn)
 i - a +0 pair of boots (worn)
 n - the +1 ring mail "Ixeur" {rElec}
   (You found it on level 2 of the Dungeon)

   rElec:     It insulates you from electricity.
 r - a +0 helmet (worn)
Wands
 p - a wand of polymorph (5)
Scrolls
 d - 2 scrolls of identify {unknown}
 g - 2 scrolls of butterflies {unknown}
 h - a scroll of enchant armour {unknown}
 k - 2 scrolls of teleportation {unknown}
 m - a scroll of enchant weapon {unknown}
 y - a scroll of immolation {unknown}
Potions
 b - 2 potions of magic
 j - a potion of brilliance {unknown}
 l - a potion of curing {unknown}
 o - a potion of attraction {unknown}
 q - a potion of degeneration {unknown}
 u - 2 potions of mutation {unknown}
 v - 2 potions of cancellation {unknown}
 w - a potion of might {unknown}
 x - 2 potions of heal wounds {unknown}
 z - a potion of resistance {unknown}


   Skills:
 + Level 3.1 Fighting
 + Level 2.0 Short Blades
 + Level 3.0 Dodging
 + Level 4.1 Stealth
 + Level 3.3 Spellcasting
 + Level 2.5 Transmutations
 + Level 5.1 Earth Magic


You had 8 spell levels left.
You knew the following spells:

 Your Spells              Type           Power      Damage    Failure   Level
a - Sandblast             Erth           40%        2d10      1%          1
b - Stone Arrow           Conj/Erth      22%        3d8       19%         3

Your spell library contained the following spells:

 Spells                   Type           Power      Damage    Failure   Level
 Passwall                 Tmut/Erth      12%        N/A       5%          2
 Kiss of Death            Conj/Necr      8%         2d6       17%         1
 Petrify                  Tmut/Erth      15%        N/A       34%         4
 Call Canine Familiar     Summ           2%         N/A       45%         3
 Confusing Touch          Hex            2%         N/A       45%         3
 Portal Projectile        Hex/Tloc       4%         N/A       45%         3
 Leda's Liquefaction      Hex/Erth       5%         N/A       52%         4
 Dispel Undead            Necr           2%         3d7       86%         4
 Olgreb's Toxic Radiance  Pois           2%         N/A       86%         4
 Ozocubu's Refrigeration  Ice            1%         4d7       100%        7
 Ignition                 Fire           1%         3d3       100%        8


Dungeon Overview and Level Annotations

Branches:
Dungeon (4/15)              Sewer (visited)
 Temple: D:4-7

Altars:
Kikubaaqudgha
Zin

Annotations:
D:2 Sigmund
D:3 2 transporters, emiel's ghost, amateur BaEE


Innate Abilities, Weirdness & Mutations

You are immune to sickness and miasma.
Your stone body is resilient. (AC +4)
You are immune to poison.
You resist negative energy. (rN+)
You are resistant to electric shocks. (rElec)
You are resistant to unholy torment.
You are immune to petrification.


Message History

Confirm with . or Enter, or press ? or * to list all spells.
Aiming: Sandblast (safe; 1% risk of failure)
Press: ? - help, Shift-Dir - straight line, f - wyvern
Aim: a wyvern (asleep, 100% to hit)
The blast of sand hits the wyvern.
The wyvern is lightly wounded.
The wyvern hisses angrily.
You closely miss the wyvern.
The wyvern is lightly wounded.
Unknown command.
Unknown command.
Casting: Sandblast (safe; 1% risk of failure)
Confirm with . or Enter, or press ? or * to list all spells.
Aiming: Sandblast (safe; 1% risk of failure)
Press: ? - help, Shift-Dir - straight line, f/p - wyvern
Aim: a wyvern (lightly wounded, 83% to hit)
The blast of sand hits the wyvern.
The wyvern is moderately wounded.
The wyvern barely misses you. The wyvern bites you! x2
Casting: Sandblast (safe; 1% risk of failure)
Confirm with . or Enter, or press ? or * to list all spells.
Aiming: Sandblast (safe; 1% risk of failure)
Press: ? - help, Shift-Dir - straight line, f/p - wyvern
Aim: a wyvern (moderately wounded, 83% to hit)
The blast of sand hits the wyvern.
The wyvern is heavily wounded.
The wyvern bites you. The wyvern closely misses you.
Casting: Sandblast (safe; 1% risk of failure)
Confirm with . or Enter, or press ? or * to list all spells.
Aiming: Sandblast (safe; 1% risk of failure)
Press: ? - help, Shift-Dir - straight line, f/p - wyvern
Aim: a wyvern (heavily wounded, 83% to hit)
The blast of sand hits the wyvern.
The wyvern is heavily wounded.
The wyvern barely misses you. The wyvern bites you!
* * * LOW HITPOINT WARNING * * *
You barely miss the wyvern.
The wyvern is heavily wounded.
The wyvern bites you!
You die...

#...............#
#.....[...
#........######....
#......... #....÷.....##
#.... .........).
.........#...###..#
###.####....
.........###..##..# $...
#....#
.#######.####.....##..#.
...#### .# #......## ...
##.## ## .# ######..##l#
.##.. ###. .##
##..@.##.#....# #... ..#
#........##....###.##
#.#
#......<$.........<.##
#.#
#...........##......##
..#
#.........#.##........
..# ...........#
##......## ..##
#.##........#.........##
...### ##.
......)..........).##
.....# .##
#.......<#..........##


You could see a wyvern.

Vanquished Creatures
  Blork the orc (D:4)
  A kobold brigand (Sewer)
  2 scorpions
  A hound (D:4)
  Jessica (D:2)
  An orc wizard (D:3)
  Robin (D:3)
  8 adders
  10 river rats (Sewer)
  3 worms
  4 dart slugs
  7 orcs
  7 ball pythons
  4 bats
  9 endoplasms
  7 giant cockroaches
  14 goblins
  11 hobgoblins
  2 jackals (D:1)
  19 kobolds
  A quokka (D:4)
  3 frilled lizards (D:1)
  20 rats
137 creatures vanquished.

Notes
Turn   | Place    | Note
-------+----------+-------------------------------------------
     0 | D:1      | shadizar the Gargoyle Earth Elementalist began the quest
                  | for the Orb.
     0 | D:1      | Reached XP level 1. HP: 10/10 MP: 3/3
    71 | D:1      | Reached XP level 2. HP: 6/16 MP: 1/5
    72 | D:1      | Reached skill level 1 in Transmutations
   542 | D:1      | Reached XP level 3. HP: 20/20 MP: 4/6
   545 | D:1      | Reached skill level 1 in Fighting
  1158 | D:2      | Noticed Sigmund
  1166 | D:2      | Reached skill level 4 in Earth Magic
  1329 | D:2      | Noticed Jessica
  1331 | D:2      | Killed Jessica
  1332 | D:2      | Reached XP level 4. HP: 25/25 MP: 4/7
  1543 | D:2      | Reached XP level 5. HP: 30/30 MP: 6/8
  1591 | D:2      | Found a faded altar of an unknown god.
  1788 | D:2      | Identified the +1 ring mail "Ixeur" {rElec}
  2404 | D:3      | Noticed Robin
  2460 | D:3      | Killed Robin
  2588 | D:3      | Found an ancient bone altar of Kikubaaqudgha.
  2633 | D:3      | Reached XP level 6. HP: 35/35 MP: 8/10
  2637 | D:3      | Reached skill level 1 in Short Blades
  2762 | D:3      | Noticed emiel's ghost (amateur BaEE)
  2776 | D:3      | Found a transporter.
  2781 | D:3      | Learned a level 3 spell: Stone Arrow
  3036 | D:3      | Found a transporter.
  3237 | D:4      | Found a glowing drain.
  3251 | D:4      | Found a glowing silver altar of Zin.
  3256 | D:4      | Noticed Blork the orc
  3277 | D:4      | Killed Blork the orc
  3366 | Sewer    | Entered a sewer
  3422 | Sewer    | Reached XP level 7. HP: 37/40 MP: 3/11
  3934 | Sewer    | Reached skill level 5 in Earth Magic
  4418 | D:4      | Noticed a wyvern
  4425 | D:4      | HP: 2/41 [wyvern (11)]
  4426 | D:4      | Mangled by a wyvern

Illustrated notes

Levels and vault maps discovered:
D:1:      amcnicky_arrival_blooded_trapdoor, layout_loops_cross,
          hangedman_feature_mirror, minmay_heptomino_w4
D:2:      layout_loops_ring, serial_shops, nicolae_lakefront_shop,
          hellmonk_ecumenical_altar_pennies_from_heaven, uniq_jessica,
          uniq_sigmund
D:3:      layout_basic, kiku_gazebo_pond_becter, gammafunk_ghost_stat_death,
          uniq_robin
D:4:      layout_rooms, mainiacjoe_overflow_tiny_flanked, portal_sewer_entry_a,
          uniq_blork_the_orc

Skill      XL: |  1  2  3  4  5  6  7 |
---------------+----------------------+-----
Transmutations | 1 2 |  2.5
Fighting       | 1 2 3 |  3.1
Earth Magic    | 4 5 |  5.1
Dodging        | 2 3 |  3.0
Stealth        | 3 4 |  4.1
Short Blades   | 1 2 |  2.0
Spellcasting   | 3 |  3.3

Action                     |  1- 3 |  4- 6 |  7- 9 || total
---------------------------+-------+-------+-------++-------
  Melee: Unarmed           |    51 |       |       ||    51
         Punch             |     1 |     1 |       ||     2
         Dagger            |    62 |    58 |    30 ||   150
   Cast: Sandblast         |    31 |   105 |    64 ||   200
   Stab: Sleeping          |     2 |     1 |       ||     3
 Armour: Robe              |    42 |    36 |    34 ||   112
         Skin              |       |    11 |       ||    11
  Dodge: Dodged            |    94 |    79 |    46 ||   219

Table legend: (Time is in decaauts)
 A = Elapsed time spent in this place.
 B = Non-inter-level travel time spent in this place.
 C = Inter-level travel time spent in this place.
 D = Time resting spent in this place.
 E = Time spent auto-exploring this place.
 F = Levels seen in this place.
 G = Mean time per level.
                   A        B        C        D        E       F      G
               +--------+--------+--------+--------+--------+-----+--------+
         Total |   4542 |   4450 |     92 |      0 |   3026 |   5 |  908.4 |
       Dungeon |   3509 |   3417 |     92 |      0 |   2354 |   4 |  877.2 |
         Sewer |   1033 |   1033 |      0 |      0 |    672 |   1 | 1033.0 |
               +--------+--------+--------+--------+--------+-----+--------+

Top non-repeatable levels by time:
     D:1: 1169 daAuts
     D:2: 1048 daAuts
   Sewer: 1033 daAuts
     D:3: 911 daAuts
     D:4: 380 daAuts
